 Dungeon Sprint DCSS version 0.30-a0-279-g4b46babb21 (webtiles) character file.

Game seed: 17094097306093306109

51 rocky1 the Poker (level 3, -12/31 HPs)
             Began as a Minotaur Gladiator on Oct 17, 2022.
             Mangled by a water elemental (19 damage)
             ... in the Dungeon (Sprint III: "The Ten Rune Challenge").
             The game lasted 00:00:50 (276 turns).

rocky1 the Poker (Minotaur Gladiator)                Turns: 276, Time: 00:00:51

Health: -12/31     AC:  3    Str: 20    XL:     3   Next: 57%
Magic:  2/2        EV: 13    Int:  5    God:
Gold:   28         SH:  0    Dex: 11    Spells: 2/2 levels left

rFire   . . .      SeeInvis .    a - +0 trident
rCold   . . .      Faith    .    (no shield)
rNeg    . . .      Spirit   .    b - +0 leather armour
rPois   .          Reflect  .    c - +0 hat
rElec   .          Harm     .    (no cloak)
rCorr   .          Rampage  .    (no gloves)
Will    .....      NoTele   +    (no boots)
Stlth   +.........               (no amulet)
HPRegen 0.25/turn                (no ring)
MPRegen 0.08/turn                (no ring)

@: no status effects
A: horns 2, retaliatory headbutt
a: no special abilities


You were in the Dungeon.
You visited 1 branch You collected 28 gold pieces.

Inventory:

Hand Weapons
 a - a +0 trident (weapon)
Missiles
 d - 3 throwing nets (quivered)
 e - a javelin
Armour
 b - a +0 leather armour (worn)
 c - a +0 hat (worn)
Scrolls
 k - a scroll of blinking
 n - a scroll of torment {unknown}
 o - a scroll of identify {unknown}
 q - a scroll of immolation {unknown}
 r - a scroll of brand weapon {unknown}
Potions
 f - a potion of curing
 g - a potion of heal wounds
 h - a potion of haste
 i - 2 potions of magic
 j - a potion of berserk rage
 l - 2 potions of lignification {unknown}
 m - 3 potions of mutation {unknown}
 p - 3 potions of flight


   Skills:
 + Level 3.6 Fighting
 + Level 6.6 Polearms
 + Level 3.1 Throwing
 + Level 1.0 Armour
 + Level 5.3 Dodging
 + Level 0.7 Stealth


You had 2 spell levels left.
You didn't know any spells.
Your spell library was empty.

Dungeon Overview and Level Annotations

Branches:
Dungeon (1/1)

Altars:


Innate Abilities, Weirdness & Mutations

You have a pair of horns on your head.
You reflexively headbutt those who attack you in melee.


Message History

The phantom closely misses you. You furiously retaliate!
You headbutt the phantom!
You destroy the phantom!
Your Armour skill increases to level 1!
As you open the door, it creaks loudly!
Found 17 gold pieces and 2 black potions.
There is an open door here.
You now have 25 gold pieces (gained 14).
m - a black potion;
n - a scroll labelled QIKYNUL TUWEOC
o - a scroll labelled LIANOY IGHECORCH;
l - 2 metallic pink potions (gained 1)
p - a potion of flight
m - 2 black potions (gained 1);
q - a scroll labelled TOTAOR VUDIB GIB
r - a scroll labelled DYMUURH VAEQ;
m - 3 black potions (gained 1)
p - 3 potions of flight (gained 2)
You now have 28 gold pieces (gained 3).
There is an open door here.
You enter the shallow water.
Moving in this stuff is going to be slow.
You start waiting.
You open the door.
A water elemental comes into view.
You reach to attack!
You completely miss the water elemental.
You barely miss the water elemental.
Your headbutt misses the water elemental.
The water elemental hits you!!
Ouch! That really hurt!
You closely miss the water elemental. The water elemental closely misses you.
You closely miss the water elemental.
You headbutt the water elemental, but do no damage.
The water elemental hits you!
* * * LOW HITPOINT WARNING * * *
You puncture the water elemental!
The water elemental is moderately damaged.
The water elemental closely misses you.
You hit the water elemental but do no damage.
The water elemental is moderately damaged.
The water elemental hits you!!
Ouch! That really hurt!
You die...

▓▓▓▓▓▓▓▓▓▓ ▓▓▓
<.#..'...♣♣♣ ♣.#
..#..#.....♣♣ ♣.#
#'####....♣.♣ ♣.#
.....#....~♣♣♣♣♣.# #+#+#
.....#...~~...♣..#......
.....#..~~~~♣♣..@E.⌠....
####)#..~≈≈~~~♣♣.#...###
....†#.~~≈~~~....# ⌠.#
.....#.~≈~~~.....# .#
.....#.~~~.......# #
'#####...........#
.................#
▓▓▓▓▓▓▓▓▓▓▓▓▓▓▓▓▓▓


You could see a water elemental.

Vanquished Creatures
  Jessica (D)
  A human (D)
  A phantom (D)
  3 rats (D)
6 creatures vanquished.

Notes
Turn   | Place    | Note
-------+----------+-------------------------------------------
     0 | D        | rocky1 the Minotaur Gladiator began the quest for the Orb.
     0 | D        | Reached XP level 1. HP: 18/18 MP: 0/0
    15 | D        | Reached skill level 4 in Polearms
    23 | D        | Noticed Jessica
    37 | D        | Killed Jessica
    38 | D        | Reached skill level 5 in Polearms
    38 | D        | Reached XP level 2. HP: 10/26 MP: 1/1
   121 | D        | Reached skill level 6 in Polearms
   121 | D        | Reached skill level 5 in Dodging
   121 | D        | Reached XP level 3. HP: 20/31 MP: 2/2
   178 | D        | Reached skill level 1 in Armour
   270 | D        | Noticed a water elemental
   276 | D        | Mangled by a water elemental

Illustrated notes

Levels and vault maps discovered:
D:        dungeon_sprint_mu [sprint_mu_entry_forest, sprint_mu_temple_rooms,
          sprint_mu_d1_spiders, sprint_mu_d2_genie, sprint_mu_d3_branching,
          sprint_mu_orc_legion, sprint_mu_elf_gauntlet, sprint_mu_hive_nellie,
          sprint_mu_lair_fedhas, sprint_mu_vaults_butterflies,
          sprint_mu_slime_circle, sprint_mu_swamp_cave, sprint_mu_snake_twists,
          sprint_mu_blade_basic, sprint_mu_crypt_chambers,
          sprint_mu_tomb_spiral, sprint_mu_vestibule_basic,
          sprint_mu_gehenna_hellfire, sprint_mu_dis_giant,
          sprint_mu_tartarus_statrot, sprint_mu_cocytus_islands, sprint_mu_zot1]

Skill      XL: |  1  2  3 |
---------------+----------+-----
Polearms       | 5 6 |  6.6
Fighting       | 3 |  3.6
Dodging        | 4 5 |  5.3
Throwing       | 3 |  3.1
Armour         | 1 |  1.0
Stealth        | |  0.7

Action                   || total
-------------------------++-------
Melee: Trident           ||    40
       Headbutt          ||     4
 Stab: Sleeping          ||     1
Armor: Leather armour    ||     4
Dodge: Dodged            ||    16

Table legend: (Time is in decaauts)
 A = Elapsed time spent in this place.
 B = Non-inter-level travel time spent in this place.
 C = Inter-level travel time spent in this place.
 D = Time resting spent in this place.
 E = Time spent auto-exploring this place.
 F = Levels seen in this place.
 G = Mean time per level.
                   A        B        C        D        E       F      G
               +--------+--------+--------+--------+--------+-----+--------+
         Total |    289 |    289 |      0 |    153 |      7 |   1 |  289.0 |
       Dungeon |    289 |    289 |      0 |    153 |      7 |   1 |  289.0 |
               +--------+--------+--------+--------+--------+-----+--------+

Top non-repeatable levels by time:
       D: 289 daAuts
